 Dungeon Crawl Stone Soup version 0.20.1-1-g8b1a95d (webtiles) character file.

1533 KingStallion the Magician (level 8, -5/46 HPs)
             Began as an Octopode Wizard on July 20, 2017.
             Was a Priest of Hepliaklqana.
             Shot with an arrow by a centaur (16 damage)
             ... on level 7 of the Dungeon on July 21, 2017.
             The game lasted 00:42:48 (6574 turns).

KingStallion the Magician (Octopode Wizard)         Turns: 6574, Time: 00:42:48

Health: -5/46      AC:  1    Str:  8    XL:     8   Next: 85%
Magic:  2/17       EV: 14    Int: 21    God:    Hepliaklqana [***...]
Gold:   406        SH:  4    Dex: 10    Spells: 11/19 levels left

rFire    . . .     SeeInvis .   a - +1 flail (venom)
rCold    . . .     Gourm    .   s - +0 buckler
rNeg     . . .     Faith    .   f - +0 hat
rPois    .         Spirit   .   l - amulet of regeneration
rElec    .         Reflect  .   e - ring of wizardry
rCorr    .         Harm     .   (no ring)
MR       .....                  (no ring)
Stlth    +++.......             (no ring)
Regen    0.6/turn               (no ring)
MPRegen  0.2/turn               (no ring)
                                (no ring)
                                (no ring)

@: no status effects
A: almost no armour, stealthy swim, amphibious, 8 rings, constrict 8, reduced
essence, camouflage 1, gelatinous body 1
a: Recall Ancestor, Ancestor Identity, Transference, Renounce Religion


You were on level 7 of the Dungeon.
You worshipped Hepliaklqana.
Hepliaklqana was most pleased with you.
You were not hungry.

You visited 1 branch of the dungeon, and saw 7 of its levels.
You also visited: Ossuary.

You collected 406 gold pieces.

Inventory:

Hand Weapons
 a - a +1 flail of venom (weapon)
 b - a +0 dagger of speed
 n - a +1 mace of crushing
 p - a +2 dagger of draining
 w - a +4 whip
 I - a +0 mace of crushing
Armour
 f - a +0 hat (worn)
 s - a +0 buckler (worn)
Jewellery
 e - a ring of wizardry (left tentacle)
 l - an amulet of regeneration (around mantle)
Wands
 m - a wand of random effects (24/48)
 y - a wand of iceblast (15/15)
 E - a wand of confusion (29/48)
 G - a wand of paralysis (1/24)
Scrolls
 c - 3 scrolls of amnesia
 g - 5 scrolls of identify
 r - 4 scrolls of remove curse
 t - 2 scrolls of teleportation
Potions
 d - 2 potions of heal wounds
 j - 4 potions of curing
 o - a potion of haste {unknown}
 q - a potion of brilliance {unknown}
 v - 3 potions of might {unknown}
 x - a potion of mutation {unknown}
 A - 2 potions of resistance {unknown}
 B - a potion of degeneration {unknown}
 C - 2 potions of ambrosia {unknown}
 D - a potion of cancellation {unknown}
 F - a potion of agility {unknown}
 H - a potion of magic {unknown}
Books
 k - a book of Minor Magic

   Spells                             Type                      Level
   a - Magic Dart                     Conjuration                  1
   b - Blink                          Translocation                2
   c - Call Imp                       Summoning                    2
   d - Slow                           Hexes                        2
   e - Conjure Flame                  Conjuration/Fire             3
   f - Mephitic Cloud                 Conjuration/Poison/Air       3
Comestibles
 h - 3 royal jellies
 i - 3 bread rations
 u - 9 fruits
 z - 4 chunks of flesh


   Skills:
 * Level 3.3 Fighting
 + Level 0.8 Short Blades
 + Level 2.0 Maces & Flails
 * Level 3.5 Dodging
 + Level 3.9 Stealth
 * Level 3.1 Shields
 * Level 3.5 Unarmed Combat
 * Level 6.1 Spellcasting
 + Level 2.5 Conjurations
 + Level 2.5 Summonings
 + Level 1.4 Translocations
 + Level 0.8 Air Magic
 * Level 2.4 Poison Magic


You had 11 spell levels left.
You knew the following spells:

 Your Spells              Type           Power        Failure   Level  Hunger
a - Magic Dart            Conj           ###.         1%          1    None
b - Call Imp              Summ           ###.....     2%          2    None
c - Blink                 Tloc           N/A          3%          2    None
d - Mephitic Cloud        Conj/Pois/Air  ##......     6%          3    ##.....


Dungeon Overview and Level Annotations

Branches:
Dungeon (7/15)             Temple (0/1) D:4

Altars:
Hepliaklqana
Zin

Shops:
D:4 *?:


Innate Abilities, Weirdness & Mutations

You cannot wear most types of armour.
You are very stealthy in the water. (Stealth+)
You are amphibious.
You can wear up to eight rings at the same time.
You can use your tentacles to constrict eight enemies at once.
Your skin changes colour to match your surroundings (Stealth+).
Your rubbery body absorbs attacks. (AC +1, EV +1)
Your life essence is reduced to manifest your ancestor. (-10% HP)


Message History

The centaur is lightly wounded.
The centaur shoots an arrow.
The arrow hits you!
* * * LOW HITPOINT WARNING * * *
Takurtum hits the centaur with a dagger of draining!
Your crimson imp blinks!
The centaur shoots an arrow.
The arrow barely misses you.
You feel better.
The centaur shoots an arrow.
The arrow hits you!
* * * LOW HITPOINT WARNING * * *
Your crimson imp blinks!
Takurtum hits the centaur with a dagger of draining.
Takurtum drains the centaur!
Casting: Mephitic Cloud
Confirm with . or Enter, or press ? or * to list all spells.
Aiming: Magic Dart
Press: ? - help, Shift-Dir - straight line, f - centaur
Aim: a centaur, wielding a shortbow (almost dead, lightly drained)
The magic dart hits the centaur.
The centaur is almost dead.
The centaur shoots an arrow.
The arrow hits you!
You die...

#.......[..##..............
#.........##.............
#.........##............
##.........##.§§§§§.[..
#..........##.Rc5.....?
#..............§.......
#.........)...(.......
#.............(...#
#............(.@..#
########...)..(.(.#
#...÷....((# #.......(..#
#..........# #..........#
#.)........# ############


You could see the friendly Takurtum the hexer, a centaur and a friendly crimson
imp.

Vanquished Creatures
  A centaur (D:5)
  2 elf zombies (Ossuary)
  A bullfrog (D:7)
  Dowan (D:7)
  A howler monkey (D:7)
  A crimson imp (D:5)
  An orc wizard (D:7)
  3 worker ants
  2 mummies (Ossuary)
  2 gnolls (D:6)
  6 adders
  2 oozes
  3 worms
  A dart slug (D:2)
  2 leopard geckos
  3 orcs
  4 giant cockroaches
  9 goblins
  4 hobgoblins
  5 jackals
  A quokka (D:5)
  A ball python (D:3)
  9 bats
  6 frilled lizards
  5 hobgoblin zombies (Ossuary)
  5 kobolds
  4 kobold zombies (Ossuary)
  3 orc zombies (Ossuary)
  A quokka skeleton (D:5)
  9 rats
  2 rat zombies (Ossuary)
100 creatures vanquished.

Vanquished Creatures (collateral kills)
  Sigmund (D:4)
  Duvessa (D:7)
  A black bear (D:7)
  2 ogres (D:4)
  A big kobold (D:7)
  An elf zombie (Ossuary)
  A howler monkey (D:4)
  A crimson imp (D:6)
  A hound (D:6)
  A jelly (D:7)
  2 iguanas
  3 worker ants
  2 gnolls (D:6)
  3 adders
  2 shadow imps (D:5)
  2 adder zombies
  An adder skeleton (D:5)
  14 orcs
  A giant cockroach (D:3)
  5 jackals
  3 kobolds (D:3)
  2 frilled lizards
  A goblin zombie (Ossuary)
  7 hobgoblin zombies (Ossuary)
  3 jackal zombies (Ossuary)
  4 kobold zombies (Ossuary)
  2 orc zombies (Ossuary)
  A rat zombie (Ossuary)
69 creatures vanquished.

Vanquished Creatures (others)
  A hexer (D:7)
  5 ancestors
6 creatures vanquished.

Grand Total: 175 creatures vanquished

Notes
Turn   | Place    | Note
-------+----------+-------------------------------------------
     0 | D:1      | KingStallion the Octopode Wizard began the quest for the Orb.
     0 | D:1      | Reached XP level 1. HP: 11/11 MP: 4/4
   159 | D:1      | Reached XP level 2. HP: 2/18 MP: 3/6
  1004 | D:1      | Reached XP level 3. HP: 17/22 MP: 2/7
  1557 | D:2      | Reached skill level 1 in Fighting
  1942 | D:2      | Reached skill level 1 in Unarmed Combat
  2085 | D:2      | Reached XP level 4. HP: 25/28 MP: 0/9
  2100 | D:2      | Learned a level 2 spell: Call Imp
  2103 | D:2      | Learned a level 2 spell: Blink
  2405 | D:2      | Found a glowing silver altar of Zin.
  2405 | D:2      | Found a hazy altar of Hepliaklqana.
  2413 | D:2      | Became a worshipper of Hepliaklqana the Forgotten
  3194 | D:3      | Reached XP level 5. HP: 29/29 MP: 10/10
  3209 | D:4      | Noticed Sigmund
  3254 | D:3      | Learned a level 3 spell: Mephitic Cloud
  3256 | D:4      | Found Batit's Assorted Antiques.
  3289 | D:4      | Reached * piety under Hepliaklqana
  3410 | D:4      | Found a staircase to the Ecumenical Temple.
  3442 | D:4      | Reached skill level 4 in Spellcasting
  3496 | D:4      | Found Venodd's Magic Scroll Shop.
  3497 | D:4      | Found Oxeroatu's Book Shoppe.
  3506 | D:4      | Noticed an ogre
  3518 | D:4      | Killed an ogre
  3518 | D:4      | Reached XP level 6. HP: 34/34 MP: 1/12
  3539 | D:4      | Reached skill level 1 in Shields
  3848 | D:4      | Killed Sigmund
  3848 | D:4      | Reached skill level 1 in Maces & Flails
  3848 | D:4      | Reached XP level 7. HP: 33/40 MP: 7/14
  3867 | D:4      | Found a sand-covered staircase.
  3872 | Ossuary  | Entered an ossuary
  4205 | Ossuary  | Reached skill level 5 in Spellcasting
  4899 | D:5      | Entered Level 5 of the Dungeon
  4899 | D:5      | Reached ** piety under Hepliaklqana
  5056 | D:5      | Reached XP level 8. HP: 22/45 MP: 8/16
  5697 | D:6      | Remembered your ancestor Takurtum as a hexer
  5797 | D:6      | Reached skill level 1 in Poison Magic
  6146 | D:6      | Reached *** piety under Hepliaklqana
  6486 | D:7      | Noticed Dowan
  6489 | D:7      | Noticed Duvessa
  6503 | D:7      | Killed Dowan
  6503 | D:7      | Reached skill level 6 in Spellcasting
  6525 | D:7      | Killed Duvessa
  6574 | D:7      | Shot with an arrow by a centaur

Skill      XL: |  1  2  3  4  5  6  7  8 |
---------------+-------------------------+-----
Stealth        | 3 |  3.9
Fighting       | 1 2 3 |  3.3
Unarmed Combat | 1 2 3 |  3.5
Spellcasting   | 4 5 6 |  6.1
Conjurations   | 2 |  2.5
Shields        | 1 2 3 |  3.1
Maces & Flails | 1 2 |  2.0
Summonings     | 2 |  2.5
Dodging        | 3 |  3.5
Poison Magic   | 2 |  2.4
Short Blades   | |  0.8
Translocations | |  1.4
Air Magic      | |  0.8

Action                   |  1- 3 |  4- 6 |  7- 9 || total
-------------------------+-------+-------+-------++-------
Melee: Dagger            |    57 |    18 |    26 ||   101
       Tentacles         |    12 |     4 |    11 ||    27
       Constrict         |    13 |    10 |    32 ||    55
       Flail             |       |    22 |    74 ||    96
       Punch             |       |       |     1 ||     1
 Cast: Magic Dart        |    81 |    57 |    47 ||   185
       Call Imp          |       |    10 |    30 ||    40
       Mephitic Cloud    |       |     4 |     8 ||    12
       Blink             |       |     2 |     1 ||     3
Invok: Ancestor Identity |       |     1 |       ||     1
       Ancestor Life: He |       |       |     1 ||     1
Evoke: Wand              |       |       |     2 ||     2
  Use: Scroll            |     4 |     2 |     5 ||    11
       Potion            |       |       |     2 ||     2
 Stab: Sleeping          |     1 |     1 |     2 ||     4
       Distracted        |       |     1 |     2 ||     3
  Eat: Chunk             |     1 |     4 |     6 ||    11
       Bread ration      |     1 |       |       ||     1
       Fruit             |       |       |     3 ||     3
Armor: Skin              |     3 |     6 |     2 ||    11
Dodge: Dodged            |    27 |    35 |    71 ||   133
Block: Buckler           |       |     2 |    20 ||    22
